 Dungeon Crawl Stone Soup version 0.28-a0-1518-gbe868bca14 (webtiles) character file.

Game seed: 3288299884413485471

1304 flotson the Chopper (level 8, -2/61 HPs)
             Began as a Demonspawn Gladiator on Jan 17, 2022.
             Slain by an orc warrior (18 damage)
             ... on level 4 of the Dungeon.
             The game lasted 00:08:59 (6101 turns).

flotson the Chopper (Demonspawn Gladiator)          Turns: 6101, Time: 00:09:00

Health: -2/61      AC:  9    Str: 18    XL:     8   Next: 31%
Magic:  8/8        EV:  8    Int: 11    God:
Gold:   155        SH: 14    Dex: 20    Spells: 7/7 levels left

rFire   . . .      SeeInvis .   a - +4 mace of Yredelemnul's Hope {pain, rPois rN+ Dex+6 Stlth+}
rCold   . . .      Faith    .   l - +0 tower shield
rNeg    + . .      Spirit   .   m - +0 scale mail
rPois   +          Reflect  .   c - +0 helmet
rElec   .          Harm     .   d - +0 cloak {Will+}
rCorr   .          Rampage  .   (no gloves)
Will    +....                   (no boots)
Stlth   +.........              (no amulet)
HPRegen 0.20/turn               (no ring)
MPRegen 0.22/turn               (no ring)

@: no status effects
A: powered by death 1, magic regeneration, big brain 1, weakness stinger 1
a: no special abilities


You were on level 4 of the Dungeon.
You visited 1 branch of the dungeon, and saw 5 of its levels.

You collected 155 gold pieces.

Inventory:

Hand Weapons
 a - the +4 mace of Yredelemnul's Hope (weapon) {pain, rPois rN+ Dex+6 Stlth+}
   (You found it on level 3 of the Dungeon)

   In the hands of one skilled in necromantic magic, it inflicts extra damage on
   living creatures.
   Dex:       It affects your dexterity (+6).
   rPois:     It protects you from poison.
   rN:        It protects you from negative energy.
   Stlth:     It makes you more stealthy.
 b - a +6 dagger
Armour
 c - a +0 helmet (worn)
 d - a +0 cloak of willpower (worn)
 l - a +0 tower shield (worn)
 m - a +0 scale mail (worn)
Wands
 n - a wand of iceblast (6)
Scrolls
 h - a scroll of vulnerability {unknown}
 i - 3 scrolls of identify {unknown}
 k - a scroll of fog {unknown}
 p - a scroll of brand weapon {unknown}
Potions
 e - a potion of mutation {unknown}
 f - a potion of curing
 g - a potion of brilliance {unknown}
 j - a potion of heal wounds {unknown}
 q - a potion of ambrosia {unknown}
 r - a potion of might {unknown}
 s - 3 potions of lignification {unknown}


   Skills:
 + Level 4.4 Fighting
 + Level 4.7 Axes
 + Level 4.1 Throwing
 + Level 3.6 Armour
 + Level 4.6 Dodging
 + Level 3.1 Shields
 + Level 0.0 Evocations


You had 7 spell levels left.
You didn't know any spells.
Your spell library contained the following spells:

 Spells                   Type           Power      Damage    Failure   Level
 Beastly Appendage        Tmut           0%         N/A       100%        1
 Sting                    Tmut/Pois      0%         1d3       100%        1
 Poisonous Vapours        Pois/Air       0%         N/A       100%        2
 Wereblood                Tmut           0%         N/A       100%        2
 Spider Form              Tmut/Pois      0%         N/A       100%        3
 Olgreb's Toxic Radiance  Pois           0%         N/A       100%        4


Dungeon Overview and Level Annotations

Branches:
Dungeon (5/15)
 Temple: D:4-7

Altars:
Kikubaaqudgha

Shops:
D:3 *   D:4 :


Innate Abilities, Weirdness & Mutations

You regenerate a little health from kills.
You regenerate magic rapidly.
You have an unusually large brain. (Int +2)
You have a small tail.


Message History

You hit the orc.
The orc is almost dead.
Throw: dart (curare)
Press: ? - help, Q - select action, (/) - cycle Shift-Dir - straight line, f - orc warrior
Aim: an orc warrior, wielding a +0 battleaxe and wearing a +0 plate armour (66% to hit)
You throw a curare-tipped dart.
The curare-tipped dart hits the orc warrior.
The orc warrior is poisoned.
The orc warrior convulses.
The orc warrior seems to slow down.
The orc warrior is lightly wounded.
You hit the orc warrior but do no damage.
The orc warrior is moderately wounded.
The orc warrior hits you with a +0 battleaxe!
You hit the orc warrior but do no damage.
The orc warrior is moderately wounded.
The orc warrior hits you with a +0 battleaxe!
There is an open door here.
The orc warrior is no longer moving slowly.
The orc warrior looks more healthy.
Aiming: Iceblast
Press: ? - help, Shift-Dir - straight line, f/p - orc warrior
Aim: an orc warrior, wielding a +0 battleaxe and wearing a +0 plate armour (heavily wounded)
The mass of ice explodes!
The iceblast engulfs the orc warrior!
The orc warrior is severely wounded.
The iceblast engulfs the orc!
You kill the orc!
The orc warrior hits you with a +0 battleaxe.
You hit the orc warrior but do no damage.
The orc warrior is severely wounded.
You block the orc warrior's attack.
You closely miss the orc warrior.
You tail-slap the orc warrior, but do no damage.
The orc warrior is severely wounded.
You block the orc warrior's attack.
The orc warrior hits you with a +0 battleaxe!
* * * LOW HITPOINT WARNING * * *
You hit the orc warrior.
The orc warrior is almost dead.
The orc warrior hits you with a +0 battleaxe!!
You die...

## ############# ##########.
............# #..........
............# #####..........
............# #..............
............# #........#####.
.....)......#######........#####.
.##........)...o@............)...
.##...........#####........####..
.##.#'##+#....# #........# #..
.##.#.##.#....# #.......)####..
.##.#(##.#....#####.......[......
.##.#>).......[.................#
....#.##.#....#####.............#
#####)##.###### ######'#.......
...##....#### #.........


You could see an orc warrior.

Vanquished Creatures
  A kobold demonologist (D:4)
  A water moccasin (D:4)
  3 centaurs
  Blork the orc (D:4)
  A kobold brigand (D:4)
  A scorpion (D:5)
  A jelly (D:4)
  An orc priest (D:3)
  A hound (D:5)
  Crazy Yiuf (D:3)
  2 centaur skeletons (D:4)
  Jessica (D:2)
  An iguana (D:3)
  An orc wizard (D:3)
  A killer bee zombie (D:4)
  A gnoll (D:5)
  9 adders
  A shadow imp (D:5)
  A white imp (D:5)
  4 worms
  A dart slug (D:1)
  20 orcs
  12 ball pythons
  8 endoplasms
  6 goblins
  8 hobgoblins
  4 jackals
  9 kobolds
  3 quokkas
  8 bats
  5 frilled lizards
  4 rats
122 creatures vanquished.

Notes
Turn   | Place    | Note
-------+----------+-------------------------------------------
     0 | D:1      | flotson the Demonspawn Gladiator began the quest for the
                  | Orb.
     0 | D:1      | Reached XP level 1. HP: 16/16 MP: 1/1
   358 | D:1      | Gained mutation: You regenerate a little health from kills.
                  | [demonic ancestry]
   358 | D:1      | Reached XP level 2. HP: 14/22 MP: 2/2
  1089 | D:2      | Reached skill level 1 in Armour
  1089 | D:2      | Gained mutation: You have a small tail. [demonic ancestry]
  1089 | D:2      | Reached XP level 3. HP: 28/28 MP: 3/3
  1306 | D:2      | Gained mutation: You regenerate magic rapidly. [demonic
                  | ancestry]
  1306 | D:2      | Reached XP level 4. HP: 34/34 MP: 4/4
  1519 | D:2      | Noticed Jessica
  1521 | D:2      | Killed Jessica
  2099 | D:3      | Gained mutation: You have an unusually large brain. (Int
                  | +2) [demonic ancestry]
  2099 | D:3      | Reached XP level 5. HP: 35/40 MP: 5/5
  2388 | D:3      | Found Muwel's General Store.
  3274 | D:3      | Found a runed translucent door.
  3275 | D:3      | Noticed Crazy Yiuf
  3458 | D:3      | Found a faded altar of an unknown god.
  3692 | D:3      | Killed Crazy Yiuf
  3693 | D:3      | Reached skill level 1 in Shields
  3703 | D:3      | Identified the +4 mace of Yredelemnul's Hope {pain, rPois
                  | rN+ Dex+6 Stlth+}
  3866 | D:4      | Noticed a centaur
  3966 | D:4      | Reached XP level 6. HP: 47/47 MP: 6/6
  4382 | D:4      | Noticed Blork the orc
  4411 | D:4      | Killed Blork the orc
  4412 | D:4      | Reached XP level 7. HP: 35/52 MP: 7/7
  4604 | D:4      | Found Ytraisom's Book Boutique.
  4830 | D:5      | Entered Level 5 of the Dungeon
  4945 | D:5      | Found an ancient bone altar of Kikubaaqudgha.
  5854 | D:5      | Noticed a kobold demonologist
  5868 | D:5      | Noticed an ice devil
  5884 | D:4      | Killed a kobold demonologist
  5885 | D:4      | Reached XP level 8. HP: 43/61 MP: 8/8
  6101 | D:4      | Slain by an orc warrior

Illustrated notes

Levels and vault maps discovered:
D:1:      dpeg_arrival_windows_large_door, layout_basic
D:2:      layout_basic, minmay_pentomino_s4, uniq_jessica
D:3:      layout_loops_ring, shapermc_ecumenical_altar_totnotflames,
          serial_shops, nicolae_shop_behind_doors, minmay_misc_feat_tower,
          minmay_ruptured, uniq_crazy_yiuf_cottage
D:4:      layout_basic, serial_shops, kennysheep_mini_moat, uniq_blork_the_orc
D:5:      layout_rooms, nicolae_overflow_crystal_walls, serial_shops,
          shop_statue, grunt_ministairs_6, uniq_menkaure

Skill      XL: |  1  2  3  4  5  6  7 |
---------------+----------------------+-----
Throwing       | 2 3 4 |  4.1
Axes           | 3 4 |  4.7
Armour         | 1 2 3 |  3.6
Dodging        | 3 4 |  4.6
Fighting       | 3 4 |  4.4
Shields        | 1 3 |  3.1

Action                   |  1- 3 |  4- 6 |  7- 9 || total
-------------------------+-------+-------+-------++-------
Melee: War axe           |    82 |   116 |       ||   198
       Tailslap          |     3 |    37 |    18 ||    58
       Punch             |     1 |       |       ||     1
       Mace              |       |    87 |    89 ||   176
Throw: Throwing net      |       |     5 |     2 ||     7
       Dart              |       |       |     2 ||     2
Evoke: Wand              |       |       |     1 ||     1
  Use: Potion            |       |     1 |       ||     1
 Stab: Held in net/web   |       |     1 |       ||     1
Armor: Leather armour    |    30 |       |       ||    30
       Chain mail        |     7 |    52 |       ||    59
       Scale mail        |       |    52 |    58 ||   110
Dodge: Dodged            |    56 |    72 |    42 ||   170
Block: Tower shield      |       |   119 |   112 ||   231

Table legend: (Time is in decaauts)
 A = Elapsed time spent in this place.
 B = Non-inter-level travel time spent in this place.
 C = Inter-level travel time spent in this place.
 D = Time resting spent in this place.
 E = Time spent auto-exploring this place.
 F = Levels seen in this place.
 G = Mean time per level.
                   A        B        C        D        E       F      G
               +--------+--------+--------+--------+--------+-----+--------+
         Total |   6331 |   6140 |    191 |   1229 |   3669 |   5 | 1266.2 |
       Dungeon |   6331 |   6140 |    191 |   1229 |   3669 |   5 | 1266.2 |
               +--------+--------+--------+--------+--------+-----+--------+

Top non-repeatable levels by time:
     D:3: 2128 daAuts
     D:4: 2004 daAuts
     D:1: 1101 daAuts
     D:2: 842 daAuts
     D:5: 256 daAuts
